 Dungeon Crawl Stone Soup version 0.18.1-8-gdd0e5ea (webtiles) character file.

43 mistymad the Ruffian (level 3, -1/31 HPs)
             Began as a Naga Transmuter on May 21, 2016.
             Was an Initiate of Cheibriados.
             Slain by a kobold (3 damage)
             ... on level 2 of the Dungeon.
             The game lasted 00:07:45 (1819 turns).

mistymad the Ruffian (Naga Transmuter)              Turns: 1819, Time: 00:07:46

Health: -1/31      AC:  2    Str: 13    XL:     3   Next: 58%
Magic:  5/6        EV: 10    Int: 15    God:    Cheibriados [......]
Gold:   54         SH:  0    Dex: 12    Spells: 2 memorised, 3 levels left

rFire  . . .     SeeInvis +       - Unarmed
rCold  . . .     Gourm    .     b - +0 robe
rNeg   . . .     Faith    .     (no shield)
rPois  +         Spirit   .     (no helmet)
rElec  .         Dismiss  .     (no cloak)
rCorr  .         Reflect  .     (no gloves)
SustAt .         Harm     .     (no barding)
MR     +....                    (no amulet)
Stlth  +.........               (no ring)
                                h - ring of protection from magic

@: appendage, very slightly contaminated, very slow, somewhat resistant to
hostile enchantments, very unstealthy
A: horns 2, see invisible, deformed body, poison resistance, slowness 2, slow
metabolism 1, spit poison 2, AC +1
a: Spit Poison, End Transformation, Bend Time, Renounce Religion


You were on level 2 of the Dungeon.
You worshipped Cheibriados.
Cheibriados was noncommittal.
You were very hungry.
You had grown temporary horns.
You visited 1 branch of the dungeon, and saw 2 of its levels.

You collected 54 gold pieces.

Inventory:

Missiles
 a - 12 arrows
Armour
 b - a +0 robe (worn)
Jewellery
 h - a ring of protection from magic (left hand)
Scrolls
 e - 2 scrolls of remove curse {unknown}
 g - a scroll of identify {unknown}
 i - a scroll of magic mapping {unknown}
 l - a scroll of blinking {unknown}
Potions
 j - 3 potions of curing {unknown}
Books
 c - a book of Changes

   Spells                             Type                      Level
   a - Beastly Appendage              Transmutation                1
   b - Sticks to Snakes               Transmutation                2
   c - Spider Form                    Transmutation/Poison         3
   d - Ice Form                       Ice/Transmutation            4
   e - Blade Hands                    Transmutation                5
Comestibles
 d - 2 bread rations
 f - a fruit
 k - a slice of pizza
 m - 2 meat rations


   Skills:
 + Level 1.5 Fighting
 + Level 1.9 Dodging
 + Level 3.3 Unarmed Combat
 + Level 2.3 Spellcasting
 + Level 2.5 Transmutations


You had 3 spell levels left.
You knew the following spells:

 Your Spells              Type           Power        Failure   Level  Hunger
a - Beastly Appendage     Trmt           #.....       10%         1    #......
b - Sticks to Snakes      Trmt           #.......     12%         2    ###....


Dungeon Overview and Level Annotations

Branches:
Dungeon (2/15)

Altars:
Cheibriados
Dithmenos
Kikubaaqudgha
Yredelemnul


Innate Abilities, Weirdness & Mutations

You cannot wear boots.
Your serpentine skin is tough (AC +1).
You have supernaturally acute eyesight.
Armour fits poorly on your strangely shaped body.
Your system is resistant to poisons.
You cover ground very slowly.
You have a slow metabolism.
You can spit poison.
You have a pair of horns on your head.


Message History

The worm is almost dead.
You hit the worm.
You kill the worm!
Cheibriados appreciates the change of pace.
The kobold throws a stone.
The stone hits you but does no damage. The kobold closely misses you.
The kobold hits you but does no damage.
Found a hunting sling.
There is an open door here.
You see here a worm corpse.
You barely miss the kobold. The kobold hits you.
* * * LOW HITPOINT WARNING * * *
You hit the kobold but do no damage. The kobold hits you.
* * * LOW HITPOINT WARNING * * *
You hit the kobold but do no damage. The kobold barely misses you.
You closely miss the kobold. The kobold closely misses you.
You barely miss the kobold. The kobold barely misses you.
Casting: Beastly Appendage
Confirm with . or Enter, or press ? or * to list all spells.
You grow a pair of large bovine horns.
The kobold hits you.
You die...

####+# #.$... #.....
#.....########
#....K@(...(.#
#.....######.#.#
#..... #.#.# #.....
#####.#.# #....)
#...#.#.########
######
#...#.#.#.....##
#...#.........##
######...#........)##
#....<.............'.


You could see a kobold.

Vanquished Creatures
  An adder (D:2)
  A worm (D:2)
  A giant gecko (D:1)
  A giant cockroach (D:1)
  8 goblins
  2 jackals (D:1)
  6 bats
  A giant newt (D:1)
  2 kobolds (D:1)
  6 rats
29 creatures vanquished.

Notes
Turn   | Place    | Note
--------------------------------------------------------------
     0 | D:1      | mistymad the Naga Transmuter began the quest for the Orb.
     0 | D:1      | Reached XP level 1. HP: 18/18 MP: 3/3
   232 | D:1      | Reached XP level 2. HP: 21/25 MP: 3/5
   830 | D:1      | Reached XP level 3. HP: 4/31 MP: 3/6
  1242 | D:1      | Learned a level 2 spell: Sticks to Snakes
  1421 | D:2      | Found an ancient bone altar of Kikubaaqudgha.
  1586 | D:2      | Found a snail-covered altar of Cheibriados.
  1591 | D:2      | Found a basalt altar of Yredelemnul.
  1600 | D:2      | Found a shadowy altar of Dithmenos.
  1611 | D:2      | Became a worshipper of Cheibriados the Contemplative
  1819 | D:2      | Slain by a kobold

Action                   || total
-------------------------++-------
Melee: Unarmed           ||    97
       Headbutt          ||     7
       Punch             ||     3
 Cast: Beastly Appendage ||    14
 Abil: Spit Poison       ||     1
  Eat: Chunk             ||     1
Armor: Robe              ||    13
Dodge: Dodged            ||    65
